 Dungeon Crawl Stone Soup version 0.29.1-12-g30fa7ad0bf (webtiles) character file.

Game seed: 11079838345746062640

163 Descartes the Firebug (level 5, -2/38 HPs)
             Began as a Demonspawn Fire Elementalist on Jan 17, 2023.
             Splashed by a jelly's acid (12 damage)
             ... on level 4 of the Dungeon.
             The game lasted 00:08:53 (2020 turns).

Descartes the Firebug (DsFE)                        Turns: 2020, Time: 00:08:54

Health: -2/38      AC:  2    Str: 10    XL:     5   Next: 20%
Magic:  8/8        EV:  9    Int: 16    God:
Gold:   20         SH:  0    Dex: 20    Spells: 7/8 levels left

rFire   . . .      SeeInvis .     - Unarmed
rCold   + . .      Faith    .   (no shield)
rNeg    . . .      Spirit   .   o - +0 scale mail
rPois   .          Reflect  .   (no helmet)
rElec   .          Harm     .   (cloak unavailable)
rCorr   .          Rampage  .   (no gloves)
Will    .....                   (no boots)
Stlth   +.........              (no amulet)
HPRegen 0.12/turn               l - +6 ring of dexterity
MPRegen 0.11/turn               m - ring of protection from cold

@: corroded
A: claws 1, weakness stinger 3
a: no special abilities


You were on level 4 of the Dungeon.
You visited 1 branch of the dungeon, and saw 3 of its levels.

You collected 20 gold pieces.

Inventory:

Missiles
 h - 21 stones (quivered)
 j - 4 poisoned darts
Armour
 a - a +0 robe
 o - a +0 scale mail (worn)
Jewellery
 l - a +6 ring of dexterity (left claw)
 m - a ring of protection from cold (right claw)
Scrolls
 c - 2 scrolls of blinking {unknown}
 d - a scroll of identify {unknown}
 f - 2 scrolls of fear {unknown}
 g - a scroll of teleportation {unknown}
 n - a scroll of vulnerability {unknown}
Potions
 b - a potion of magic
 e - a potion of attraction {unknown}
 k - a potion of heal wounds {unknown}


   Skills:
 + Level 1.6 Fighting
 + Level 2.8 Dodging
 - Level 1.7 Stealth
 + Level 1.9 Unarmed Combat
 - Level 2.0 Spellcasting
 - Level 1.0 Conjurations
 + Level 3.9 Fire Magic


You had 7 spell levels left.
You knew the following spells:

 Your Spells              Type           Power      Damage    Failure   Level
a - Foxfire               Conj/Fire      36%        2x1d5     47%         1

Your spell library contained the following spells:

 Spells                   Type           Power      Damage    Failure   Level
 Scorch                   Fire           28%        2d6       41%         2
 Conjure Flame            Conj/Fire      9%         6-21      85%         3
 Inner Flame              Hex/Fire       7%         N/A       90%         3
 Flame Wave               Conj/Fire      9%         2d6       99%         4


Dungeon Overview and Level Annotations

Branches:
Dungeon (2/15)

Altars:


Innate Abilities, Weirdness & Mutations

You have sharp fingernails.
You have a sharp stinger which inflicts weakening toxins.


Message History

Throw: 3 darts (curare)
Press: ? - help, Q - select action, (/) - cycle Shift-Dir - straight line, f/p - jelly
Aim: a jelly (90% to hit)
You throw a curare-tipped dart.
The curare-tipped dart hits the scorpion.
The scorpion is poisoned.
The scorpion convulses.
The scorpion seems to slow down.
The scorpion is moderately wounded.
The scorpion closely misses you.
You kill the scorpion!
You have reached level 5!
Your demonic ancestry asserts itself...
Your stinger grows larger and begins to produce weakening toxins.
Throw: 2 darts (curare)
Press: ? - help, Q - select action, (/) - cycle Shift-Dir - straight line, f/p - jelly
Aim: a jelly (90% to hit)
You throw a curare-tipped dart. The curare-tipped dart hits the jelly.
Throw: dart (curare)
Press: ? - help, Q - select action, (/) - cycle Shift-Dir - straight line, f/p - jelly
Aim: a jelly (90% to hit)
You throw a curare-tipped dart. The curare-tipped dart hits the jelly.
The jelly jiggles.
The jelly attacks as you move away! The jelly hits you but does no damage.
The jelly attacks as you move away! The jelly hits you but does no damage.
The jelly attacks as you move away! The jelly hits you but does no damage.
The jelly attacks as you move away! The jelly closely misses you.
The jelly attacks as you move away! The jelly hits you but does no damage.
You see here a +0 robe.
The jelly attacks as you move away! The jelly hits you but does no damage.
The jelly attacks as you move away! The jelly closely misses you.
The jelly attacks as you move away! The jelly hits you but does no damage.
The jelly attacks as you move away! The jelly misses you.
You see here 3 curare-tipped darts.
The jelly attacks as you move away! The jelly hits you but does no damage.
The jelly attacks as you move away! The jelly misses you.
You see here a scorpion corpse.
The jelly attacks as you move away! The jelly hits you.
* * * LOW HITPOINT WARNING * * *
The acid corrodes you!
You are splashed with acid!
You die...

#......# #..#.#
####...### #..#.#
#.....# ###..#.#
####..#.# #....#.#
#.....#.###.#.##(#
#.###.# . ... #.#
# #.# ###.# #.#
#.#####.####J#
#......(...@.#
#######.###### #.#
#.# ..# ###


You could see a jelly.

Vanquished Creatures
  A scorpion (D:4)
  An iguana (D:4)
  3 adders (D:2)
  2 worms (D:2)
  A dart slug (D:2)
  6 endoplasms
  6 giant cockroaches
  2 goblins
  3 hobgoblins
  3 jackals (D:2)
  2 quokkas (D:2)
  A ball python (D:1)
  3 bats (D:1)
  5 frilled lizards
  6 kobolds
  3 rats (D:1)
48 creatures vanquished.

Vanquished Creatures (others)
  132 foxfires
  7 fungi (D:4)
139 creatures vanquished.

Grand Total: 187 creatures vanquished

Notes
Turn   | Place    | Note
-------+----------+-------------------------------------------
     0 | D:1      | Descartes the Demonspawn Fire Elementalist began the quest
                  | for the Orb.
     0 | D:1      | Reached XP level 1. HP: 13/13 MP: 3/3
   188 | D:1      | Reached skill level 3 in Fire Magic
   227 | D:1      | Discovered your monstrous ancestry.
   227 | D:1      | Gained mutation: You have sharp fingernails. [demonic
                  | ancestry]
   227 | D:1      | Reached XP level 2. HP: 19/19 MP: 1/5
   939 | D:2      | Gained mutation: You have a small tail. [demonic ancestry]
   939 | D:2      | Reached XP level 3. HP: 24/24 MP: 0/6
  1132 | D:2      | Reached skill level 1 in Unarmed Combat
  1620 | D:2      | Gained mutation: You have a tail ending in a sharp stinger.
                  | [demonic ancestry]
  1620 | D:2      | Reached XP level 4. HP: 31/31 MP: 2/7
  1852 | D:2      | You fall into a shaft and drop 2 floors!
  1875 | D:4      | Reached skill level 1 in Fighting
  1943 | D:4      | Noticed a scorpion
  1978 | D:4      | Killed a scorpion
  1979 | D:4      | Gained mutation: You have a sharp stinger which inflicts
                  | weakening toxins. [demonic ancestry]
  1979 | D:4      | Reached XP level 5. HP: 7/38 MP: 8/8
  2020 | D:4      | Splashed by a jelly's acid

Illustrated notes

Levels and vault maps discovered:
D:1:      co_arrival_square_in_a_square_in_a_square, layout_rooms
D:2:      layout_basic
D:4:      layout_loops_ring, mainiacjoe_overflow_chevrons, serial_shops,
          nicolae_shop_hallway_stairs, minmay_manual_mail

Skill      XL: |  1  2  3  4 |
---------------+-------------+-----
Fire Magic     | 3 |  3.9
Dodging        | 2 |  2.8
Unarmed Combat | 1 |  1.9
Fighting       | 1 |  1.6
Stealth        | |  1.7
Spellcasting   | |  2.0
Conjurations   | |  1.0

Action                   |  1- 3 |  4- 6 || total
-------------------------+-------+-------++-------
Melee: Unarmed           |    16 |    18 ||    34
       Tailslap          |       |     3 ||     3
       Punch             |       |     1 ||     1
Throw: Dart              |       |     5 ||     5
 Cast: Foxfire           |    72 |     4 ||    76
Armor: Robe              |    10 |     1 ||    11
       Scale mail        |       |    12 ||    12
Dodge: Dodged            |    20 |    16 ||    36
